 Dungeon Crawl Stone Soup version 0.31.0-11-ge490571c62 (webtiles) character file.

Game seed: 15658275029600451017

878 qw the Ducker (level 7, -1/35 HPs)
             Began as a Spriggan Hunter on Feb 4, 2024.
             Was a Follower of Okawaru.
             Succumbed to a killer bee's poison
             ... on level 4 of the Dungeon.
             The game lasted 00:00:19 (4145 turns).

qw the Ducker (Spriggan Hunter)                     Turns: 4145, Time: 00:00:20

Health: -1/35      AC:  2    Str:  7    XL:     7   Next: 75%
Magic:  1/1        EV: 24    Int: 11    God:    Okawaru [*.....]
Gold:   370        SH:  0    Dex: 24    Spells: 6/6 levels left

rFire   . . .        a - +1 shortbow (drain)
rCold   . . .        (shield currently unavailable)
rNeg    + + .        c - +0 robe
rPois   .            (helmet restricted)
rElec   .            (no cloak)
rCorr   .            (gloves unavailable)
SInv    +            (boots unavailable)
Will    +....        d - amulet "Uwkuzer" {RegenMP rN++ MP-9 Dex+4}
Stlth   ++           g - ring "Anli" {Wiz Slay+5}
HPRegen 0.25/turn    (no ring)
MPRegen 0.47/turn

%: wizardry (x1)
@: lethally poisoned (-1 -> -11), about to teleport, very quick
A: very small, no large weapons, unfitting armour, see invisible, speed 3
a: Renounce Religion, Heroism


You were on level 4 of the Dungeon.
You worshipped Okawaru.
Okawaru was aware of your devotion.
You visited 2 branches of the dungeon, and saw 6 of its levels.

You collected 370 gold pieces.


Innate Abilities, Weirdness & Mutations

You are very small and have problems with some larger weapons.
You are too small for most types of armour.
You have supernaturally acute eyesight. (SInv)
You cover ground extremely quickly. (Speed+++)


   Skills:
 - Level 2.0 Fighting
 - Level 7.0 Ranged Weapons
 + Level 7.4 Dodging
 - Level 1.5 Stealth
 + Level 3.5 Invocations


You had 6 spell levels left.
You didn't know any spells.
Your spell library was empty.

Inventory:

Hand Weapons
 a - a +1 shortbow of draining (weapon)
Armour
 c - a +0 robe (worn)
Jewellery
 d - the amulet "Uwkuzer" (around neck) {RegenMP rN++ MP-9 Dex+4}
   (You acquired it on level 4 of the Dungeon)

   [amulet of magic regeneration]

   RegenMP:   It increases your rate of magic regeneration.
   Dex+4:     It affects your dexterity (+4).
   rN++:      It greatly protects you from negative energy.
   MP-9:      It affects your magic capacity (-9).
 g - the ring "Anli" (left hand) {Wiz Slay+5}
   (You found it on level 2 of the Dungeon)

   [ring of wizardry]

   Wiz:       It improves your spell success rate.
   Slay+5:    It affects your accuracy & damage with ranged weapons and melee
   (+5).
Wands
 b - a wand of roots (15)
Potions
 e - 3 potions of cancellation
 f - a potion of enlightenment
 i - a potion of curing
 j - a potion of heal wounds

Dungeon Overview and Level Annotations

Branches:
Dungeon (5/15)             Temple (1/1) D:4

Altars:
Ashenzari
Cheibriados
Elyvilon
Gozag
Hepliaklqana
Kikubaaqudgha
Makhleb
Nemelex Xobeh
Okawaru
Qazlal
Sif Muna
Trog
Vehumet
Wu Jian
Yredelemnul
Zin
The Shining One

Annotations:
D:2 1 runed translucent door, Crazy Yiuf
D:5 Dowan, Duvessa


Message History

HP restored.
You climb downwards.
You hear the sound of rushing water.
There is an entrance to a sewer on this level.
Hurry and find it before the portal rusts away!
Level annotation: Dowan, Duvessa You hear the slow rusting of a drain very nearby.
The killer bee completely misses you. The killer bee stings you.
Duvessa hits you with a +0 short sword. The killer bee stings you.
You are poisoned.
The killer bee poisons you!
There is a stone staircase leading up, spattered with blood here.
4139 ||| STAIRDANCE You feel very sick.
The killer bee closely misses you. Duvessa completely misses you.
Dowan says, "Stay away from my face!"
The killer bee stings you.
You are more poisoned.
The killer bee poisons you!
You climb upwards.
You feel very sick.
There is a stone staircase leading down here.
You shoot an arrow.
The arrow closely misses the killer bee.
You feel very sick. The killer bee closely misses you. x2
You shoot an arrow. The arrow hits the killer bee.
The killer bee is lightly wounded.
You feel sick. The killer bee misses you. The killer bee closely misses you.
You shoot an arrow. The arrow hits the killer bee!
The killer bee is almost dead.
You feel sick. The killer bee completely misses you.
The killer bee closely misses you.
You shoot an arrow. The arrow misses the killer bee.
You feel sick. The killer bee closely misses you. The killer bee stings you!
You are more poisoned.
The killer bee poisons you!
4145 ||| READING scroll of teleportation.
As you read the scroll of teleportation, it crumbles to dust.
You feel strangely unstable.
You die...

........###.#.#....###.#
##.###### #........# #.#
#.## #..##....###.#
##..# #..###.#.....#
#...# #..###.....###
#.}.# #.......##.#
#...#######...###.##.#
..............###..#.#
..>).}.#.##.#...@y#..#
.(.....#.##.#####..#.#
#...####.##.....%....#
#.}.# #.########..###
#...# #.# ######..#
##..# #.# #..)....# ##.#
#.# #.#####.# #.# #.#
#.# #.# #.# #.# #.# #.#


You could see a killer bee.

Vanquished Creatures
  A hornet (D:4)
  An ogre (D:4)
  A jelly (D:4)
  2 hounds (D:4)
  A sleepcap (D:4)
  2 gnoll boudas (D:4)
  An orc wizard (D:2)
  21 gnolls (D:4)
  3 adders
  6 dart slugs
  23 orcs
  16 bats
  7 endoplasms
  A giant cockroach (D:3)
  5 goblins
  8 hobgoblins
  16 jackals
  4 kobolds
  5 quokkas
  8 ball pythons
  9 frilled lizards
  8 rats
149 creatures vanquished.

Notes
Turn   | Place    | Note
-------+----------+-------------------------------------------
     0 | D:1      | qw the Spriggan Hunter began the quest for the Orb.
     0 | D:1      | Reached XP level 1. HP: 10/10 MP: 2/2
     0 | D:1      | 0 ||| qw: Version: 0.3-a-160-g6735b56
     0 | D:1      | 0 ||| qw: Game counter: 4994
     0 | D:1      | 0 ||| qw: Melee chars always use a shield: true
     0 | D:1      | 0 ||| qw: God list: Okawaru
     0 | D:1      | 0 ||| qw: Allow faded altars: false
     0 | D:1      | 0 ||| qw: Do Orc after clearing Dungeon:15 true
     0 | D:1      | 0 ||| qw: Do second Lair branch before Depths: true
     0 | D:1      | 0 ||| qw: Lair rune preference: random
     0 | D:1      | 0 ||| qw: Goals: Normal
     0 | D:1      | 0 ||| PLANNING D:1-11
    72 | D:1      | Reached skill level 3 in Dodging
   115 | D:1      | Reached XP level 2. HP: 14/14 MP: 3/3
   363 | D:1      | Reached XP level 3. HP: 17/18 MP: 4/4
   827 | D:1      | 827 ||| READING scroll labelled KEFUAMN WOAMELE.
   828 | D:1      | 828 ||| READING scroll labelled APLUES IBBENASCH.
   829 | D:1      | 829 ||| DROPPING scroll of butterflies.
  1150 | D:2      | Found a faded altar of an unknown god.
  1165 | D:2      | Identified the ring "Anli" {Wiz Slay+5}
  1301 | D:2      | 1301 ||| DRINKING lumpy inky potion.
  1302 | D:2      | 1302 ||| DRINKING 4 white potions.
  1311 | D:2      | Reached XP level 4. HP: 17/22 MP: 3/5
  1341 | D:2      | Found the +1 Delatra's gloves {ID++}
  1433 | D:2      | Found a runed translucent door.
  1434 | D:2      | Noticed Crazy Yiuf
  1677 | D:2      | 1677 ||| UPGRADING to ring "Anli" {Wiz Slay+5}.
  1678 | D:2      | 1678 ||| READING scroll labelled ZYAXUWN VAHONG.
  1678 | D:2      | 1678 ||| BRANDING +0 shortbow.
  1679 | D:2      | 1679 ||| READING 2 scrolls labelled BEUT VOUM PIL.
  1679 | D:2      | 1679 ||| IDENTIFYING fizzy clear potion
  1680 | D:2      | 1680 ||| READING scroll of identify.
  1680 | D:2      | 1680 ||| IDENTIFYING green potion
  1681 | D:2      | 1681 ||| READING 2 scrolls labelled TUPINO AZAZEGG.
  1761 | D:2      | 1761 ||| DROPPING potion of attraction.
  2363 | D:3      | Reached XP level 5. HP: 26/26 MP: 6/6
  2389 | D:3      | 2389 ||| READING scroll labelled FAHERU VIXZUTE.
  2389 | D:3      | 2389 ||| ENCHANTING +0 shortbow of draining.
  2434 | D:4      | Found a staircase to the Ecumenical Temple.
  2435 | D:4      | 2435 ||| PLANNING TEMPLE
  2446 | Temple   | Entered the Ecumenical Temple
  2447 | Temple   | 2447 ||| PLANNING OKAWARU WORSHIP
  2533 | Temple   | Became a worshipper of Warmaster Okawaru
  2534 | Temple   | 2534 ||| PLANNING D:1-11
  2813 | D:4      | Reached skill level 6 in Ranged Weapons
  2918 | D:4      | Reached XP level 6. HP: 30/30 MP: 7/7
  2979 | D:4      | 2979 ||| RETREEEEATING.
  2980 | D:4      | 2980 ||| RETREEEEATING.
  2981 | D:4      | 2981 ||| RETREEEEATING.
  2982 | D:4      | 2982 ||| RETREEEEATING.
  2983 | D:4      | 2983 ||| RETREEEEATING.
  2985 | D:4      | 2985 ||| RETREEEEATING.
  2990 | D:4      | 2990 ||| RETREEEEATING.
  2991 | D:4      | 2991 ||| RETREEEEATING.
  2992 | D:4      | 2992 ||| RETREEEEATING.
  2993 | D:4      | 2993 ||| RETREEEEATING.
  2995 | D:4      | 2995 ||| RETREEEEATING.
  2996 | D:4      | 2996 ||| RETREEEEATING.
  2997 | D:4      | 2997 ||| RETREEEEATING.
  3010 | D:4      | 3010 ||| RETREEEEATING.
  3014 | D:4      | Reached skill level 6 in Dodging
  3020 | D:4      | Reached * piety under Okawaru
  3025 | D:4      | 3025 ||| FLEEEEING.
  3026 | D:4      | 3026 ||| FLEEEEING.
  3061 | D:4      | Reached skill level 1 in Invocations
  3254 | D:4      | Reached XP level 7. HP: 35/35 MP: 8/8
  3637 | D:4      | Noticed a hornet
  3638 | D:4      | 3638 ||| INVOKING Heroism.
  3642 | D:4      | Killed a hornet
  3643 | D:4      | Reached skill level 3 in Invocations
  3865 | D:4      | 3865 ||| READING 2 scrolls of identify.
  3865 | D:4      | 3865 ||| IDENTIFYING clear potion
  3866 | D:4      | 3866 ||| READING scroll of identify.
  3866 | D:4      | 3866 ||| IDENTIFYING scroll labelled OLOZ VA VUR
  3866 | D:4      | Identified a scroll of acquirement
  3867 | D:4      | 3867 ||| READING scroll of acquirement.
  3867 | D:4      | 3867 ||| ACQUIRING amulet "Uwkuzer" {RegenMP rN++ MP-9
                  | Dex+4}
  3867 | D:4      | Acquired the amulet "Uwkuzer" {RegenMP rN++ MP-9 Dex+4}
  3869 | D:4      | 3869 ||| UPGRADING to amulet "Uwkuzer" {RegenMP rN++ MP-9
                  | Dex+4}.
  3874 | D:4      | 3874 ||| READING scroll labelled ZOCVOH UCKIDUCS.
  3874 | D:4      | 3874 ||| ENCHANTING +0 shortbow of draining.
  3875 | D:4      | 3875 ||| READING scroll labelled VEMYIWN GOLA.
  3876 | D:4      | 3876 ||| READING scroll labelled GUNUVV QUITRO.
  3877 | D:4      | 3877 ||| READING scroll labelled FUICOF SUIR.
  3997 | D:5      | Entered Level 5 of the Dungeon
  3997 | D:5      | Noticed Dowan
  3998 | D:5      | 3998 ||| PLANNING SEWER
  4000 | D:5      | 4000 ||| STAIRDANCE
  4000 | D:5      | Noticed Duvessa
  4065 | D:5      | 4065 ||| STAIRDANCE
  4088 | D:5      | 4088 ||| STAIRDANCE
  4139 | D:5      | 4139 ||| STAIRDANCE
  4144 | D:4      | HP: 2/35 [killer bee (9)]
  4145 | D:4      | 4145 ||| READING scroll of teleportation.
  4145 | D:4      | Succumbed to a killer bee's poison

Levels and vault maps discovered:
D:1:      beargit_arrival_greenhouse, layout_loops_ring,
          chequers_serial_rivers_large_a
D:2:      layout_loops_ring, dreamdust_ecumenical_altar_angels_and_demons,
          pf_guarded_unrand_delatra, uniq_crazy_yiuf_cottage
D:3:      layout_basic, kennysheep_potato
D:4:      lemuel_castle_with_subvaults [lemuel_castle_interior_original],
          layout_loops_ring, minmay_temple_entry_junction
D:5:      layout_rooms, cheibrodos_sewer_entry_sluice, uniq_duvessa
Temple:   minmay_crystal_spiral_temple

Skill      XL: |  1  2  3  4  5  6  7 |
---------------+----------------------+-----
Dodging        | 3 4 5 6 7 |  7.4
Ranged Weapons | 5 6 7 |  7.0
Fighting       | 2 |  2.0
Invocations    | 1 3 |  3.5
Stealth        | |  1.5

Action                     |  1- 3 |  4- 6 |  7- 9 || total
---------------------------+-------+-------+-------++-------
   Fire: Shortbow          |   123 |   138 |    67 ||   328
 Invoke: Heroism           |       |       |     1 ||     1
    Use: Scroll            |     2 |     5 |     8 ||    15
         Potion            |     2 |       |       ||     2
 Armour: Robe              |    11 |    10 |    22 ||    43
  Dodge: Dodged            |    40 |    34 |    65 ||   139

Table legend:
 A = Non-vault XP
 B = Vault XP
 C = Vault XP percentage of total XP
 D = Non-vault monster count
 E = Vault monster count
 F = Vault count percentage of total count
                 A         B        C        D         E       F
            +---------+---------+-------+---------+---------+-------
      Total |     302 |     953 |  75.9 |      86 |      63 |  42.3
            +---------+---------+-------+---------+---------+-------
        D:1 |      67 |       0 |   0.0 |      37 |       0 |   0.0
        D:2 |      25 |      48 |  65.8 |      14 |       5 |  26.3
        D:3 |      62 |       6 |   8.8 |      22 |       3 |  12.0
        D:4 |     148 |     899 |  85.9 |      13 |      55 |  80.9
            +---------+---------+-------+---------+---------+-------
